 Dungeon Crawl Stone Soup version 0.20.1-1-g8b1a95d (webtiles) character file.

16011 wojtek the Severer (level 12, -5/112 HPs)
             Began as a Minotaur Fighter on Dec 24, 2017.
             Was the Champion of Okawaru.
             Slain by a swamp worm (17 damage)
             ... on level 1 of the Lair of Beasts.
             The game lasted 00:19:46 (14106 turns).

wojtek the Severer (Minotaur Fighter)              Turns: 14106, Time: 00:19:47

Health: -5/112     AC: 12    Str: 26    XL:     12   Next: 6%
Magic:  14/14      EV: 10    Int:  5    God:    Okawaru [******]
Gold:   592        SH:  0    Dex: 14    Spells: 11/11 levels left

rFire    + . .     SeeInvis .   a - +4 battleaxe (freeze)
rCold    . . .     Gourm    .   (shield currently unavailable)
rNeg     . . .     Faith    .   K - +0 scale mail
rPois    .         Spirit   .   (helmet restricted)
rElec    .         Reflect  .   l - +0 cloak
rCorr    .         Harm     .   J - +0 pair of gloves
MR       .....                  (no boots)
Stlth    +.........             r - amulet of magic regeneration
Regen    0.3/turn               R - ring of the Sun {Dex+4 Stlth+}
MPRegen  0.3/turn               w - ring of protection from fire

@: very slow
A: retaliatory headbutt, horns 2
a: Heroism, Finesse, Renounce Religion


You were on level 1 of the Lair of Beasts.
You worshipped Okawaru.
Okawaru was exalted by your worship.
You were not hungry.

You visited 3 branches of the dungeon, and saw 13 of its levels.

You collected 592 gold pieces.

Inventory:

Hand Weapons
 a - a +4 battleaxe of freezing (weapon)
 u - a +0 demon whip of flaming
 G - the +3 war axe "Demonbane" {freeze, *Slow rF+++ rC+ Dex+4}
   (You found it on level 1 of the Lair of Beasts)

   It has been specially enchanted to freeze those struck by it, causing extra
   injury to most foes and up to half again as much damage against particularly
   susceptible opponents.
   It can also slow down cold-blooded creatures.
   It affects your dexterity (+4).
   It renders you almost immune to fire.
   It protects you from cold.
   It may slow you when you take damage.
Missiles
 C - 3 throwing nets (quivered)
Armour
 l - a +0 cloak (worn)
 J - a +0 pair of gloves (worn)
 K - a +0 scale mail (worn)
Jewellery
 r - an amulet of magic regeneration (around neck)
 w - a ring of protection from fire (right hand)
 R - the ring of the Sun (left hand) {Dex+4 Stlth+}
   (You found it on level 9 of the Dungeon)

   [ring of dexterity]

   It affects your dexterity (+4).
   It makes you more stealthy.
Wands
 c - a wand of confusion (19/48)
 v - a wand of flame (21/48)
 F - a wand of iceblast (9/15)
 H - a wand of lightning (10/15)
 M - a wand of scattershot (1/9)
 Q - a wand of digging (16/24)
 W - a wand of random effects (22/48)
 X - a wand of lightning (6/15)
Scrolls
 g - a scroll of enchant weapon {unknown}
 h - 2 scrolls of identify
 i - 4 scrolls of magic mapping {unknown}
 k - 3 scrolls of recharging {unknown}
 m - 3 scrolls of amnesia {unknown}
 t - 2 scrolls of immolation {unknown}
 y - a scroll of fear {unknown}
 A - 6 scrolls of remove curse {unknown}
 B - 5 scrolls of teleportation {unknown}
 D - 2 scrolls of enchant armour {unknown}
 I - 3 scrolls of noise {unknown}
 L - 3 scrolls of blinking {unknown}
 P - a scroll of brand weapon {unknown}
 U - a scroll of holy word {unknown}
 Z - a scroll of fog {unknown}
Potions
 b - a potion of mutation {unknown}
 d - a potion of might
 e - 4 potions of curing
 j - a potion of brilliance {unknown}
 o - a potion of resistance
 p - a potion of cancellation
 q - a potion of invisibility
 s - 3 potions of lignification
 x - 4 potions of flight
 z - a potion of agility
 E - 4 potions of degeneration {unknown}
 O - 2 potions of heal wounds
 T - 3 potions of haste
 V - a potion of ambrosia
Comestibles
 f - 3 bread rations
 n - 7 chunks of flesh


   Skills:
 + Level 11.9 Fighting
 * Level 15.6 Axes
 + Level 11.7 Armour
   Level 3.6 Shields
 + Level 4.3 Invocations


You had 11 spell levels left.
You didn't know any spells.

Dungeon Overview and Level Annotations

Branches:
Dungeon (10/15)            Temple (1/1) D:5            Lair (2/6) D:8
  Swamp: Lair:2-4    Shoals: Lair:2-4     Snake: Lair:2-4    Spider: Lair:2-4
    Orc: D:9-12

Altars:
Ashenzari
Cheibriados
Dithmenos
Elyvilon
Fedhas
Gozag
Hepliaklqana
Kikubaaqudgha
Makhleb
Nemelex Xobeh
Okawaru
Qazlal
Ru
Sif Muna
Trog
Uskayaw
Vehumet
Xom
Yredelemnul
Zin
The Shining One

Annotations:
D:5 todo


Innate Abilities, Weirdness & Mutations

You reflexively headbutt those who attack you in melee.
You have a pair of horns on your head.


Message History

You see here a swamp worm corpse.
You butcher the swamp worm corpse.
n - 7 chunks of flesh (gained 3)
You see here 5 needles of confusion.
A swamp worm bursts forth from the water.
The swamp worm closely misses you. You furiously retaliate!
You headbutt the swamp worm.
A swamp worm bursts forth from the water.
The swamp worm misses you. You furiously retaliate!
You headbutt the swamp worm. The swamp worm misses you.
The swamp worm bites you! The swamp worm bites you. The swamp worm bites you!
* * * LOW HITPOINT WARNING * * *
You see here 5 needles of confusion.
The swamp worm bites you!!
* * * LOW HITPOINT WARNING * * *
The swamp worm barely misses you. You furiously retaliate!
You headbutt the swamp worm. The swamp worm bites you!
You die...

.................................
.................................
....##+...###...#.##.P###.#......
....#.......#.....#≈.######....##
....#..........[.≈≈≈≈≈≈≈..+....##
............#..≈≈≈≈≈≈≈≈≈≈≈.....##
....#.....÷.#.≈≈≈#######≈≈≈.....#
..............≈≈P#≈≈≈≈≈##≈≈....##
....#.........≈≈@ww≈≈≈≈$#≈≈....##
....#.......#.≈≈P#≈≈≈≈≈##≈≈....+.
....#.........≈≈≈#######≈≈≈.....#
.....####.###..≈≈≈≈≈≈≈≈≈≈≈.....##
.................≈≈≈≈≈≈≈.........
###########.#P########≈####.###.#
##### ### ### ###


You could see 2 swamp worms.

Vanquished Creatures
  Fannar (Lair:1)
  4 two-headed ogres
  Pikel (D:7)
  The ghost of jombi the Slasher, a novice BaSk of Cheibriados (D:5)
  2 spiny frogs (Lair:1)
  3 komodo dragons (Lair:1)
  A rime drake (Lair:1)
  Grinder (D:6)
  3 hippogriffs
  Sigmund (D:5)
  A wyvern (D:9)
  16 yaks
  A hungry ghost (D:8)
  The ghost of bmj180 the Covered, an amateur HaFi (D:3)
  3 swamp worms (Lair:1)
  Edmund (D:5)
  2 water moccasins
  6 porcupines
  3 slaves (D:7)
  2 black bears
  2 orc warriors
  An ice beast (D:5)
  4 necrophages (D:6)
  A sky beast (D:7)
  4 phantoms
  2 ogres
  2 centaurs (D:7)
  3 crocodiles
  A big kobold (D:8)
  16 bullfrogs
  A gnoll sergeant (D:4)
  2 scorpions
  8 killer bees
  6 wights
  4 crimson imps
  A bullfrog zombie (D:6)
  6 jellies
  7 orc wizards
  7 orc priests
  A gnoll shaman (D:3)
  3 bullfrog skeletons
  5 hounds
  3 iguanas
  Ijyb (D:5)
  6 worker ants
  2 worker ant zombies (D:8)
  26 gnolls
  15 adders
  3 shadow imps
  A white imp (D:9)
  An adder zombie (D:6)
  5 oozes (D:8)
  An adder skeleton (D:9)
  17 worms
  11 dart slugs
  7 leopard geckos
  33 orcs
  2 ball pythons
  9 bats
  4 giant cockroaches
  5 goblins
  8 hobgoblins
  14 jackals
  4 quokkas
  5 frilled lizards
  8 kobolds
  2 leopard gecko skeletons
  2 quokka zombies
  8 rats
  A bush (D:6)
345 creatures vanquished.

Vanquished Creatures (others)
  A hound (D:7)
  29 fungi (D:8)
  19 plants
49 creatures vanquished.

Grand Total: 394 creatures vanquished

Notes
Turn   | Place    | Note
-------+----------+-------------------------------------------
     0 | D:1      | wojtek the Minotaur Fighter began the quest for the Orb.
     0 | D:1      | Reached XP level 1. HP: 19/19 MP: 0/0
   138 | D:1      | Reached skill level 3 in Axes
   194 | D:1      | Reached XP level 2. HP: 24/27 MP: 1/1
   771 | D:2      | Reached XP level 3. HP: 33/33 MP: 2/2
   992 | D:2      | Found a hazy altar of Hepliaklqana.
  1022 | D:2      | Reached skill level 4 in Axes
  1452 | D:2      | Reached XP level 4. HP: 33/40 MP: 3/3
  1538 | D:2      | Found a sacrificial altar of Ru.
  1830 | D:3      | Found a stormy altar of Qazlal.
  1830 | D:3      | Found a blossoming altar of Fedhas.
  1830 | D:3      | Found a white marble altar of Elyvilon.
  1830 | D:3      | Noticed bmj180's ghost (amateur HaFi)
  2077 | D:3      | Killed bmj180's ghost
  2077 | D:3      | Reached skill level 5 in Fighting
  2077 | D:3      | Reached skill level 5 in Axes
  2077 | D:3      | Reached XP level 5. HP: 35/48 MP: 4/4
  2220 | D:3      | Reached XP level 6. HP: 48/56 MP: 5/5
  2316 | D:3      | Reached skill level 6 in Axes
  2325 | D:3      | Reached skill level 5 in Armour
  2625 | D:3      | Found an iron altar of Okawaru.
  3322 | D:4      | Reached skill level 7 in Axes
  3322 | D:4      | Reached XP level 7. HP: 61/62 MP: 6/6
  3894 | D:4      | Found an iron altar of Okawaru.
  3899 | D:4      | Found a glowing silver altar of Zin.
  4165 | D:5      | Entered Level 5 of the Dungeon
  4817 | D:4      | Reached skill level 8 in Axes
  5067 | D:5      | Found a staircase to the Ecumenical Temple.
  5158 | D:5      | Noticed jombi's ghost (novice BaSk)
  5173 | Temple   | Entered the Ecumenical Temple
  5671 | D:4      | Became a worshipper of Warmaster Okawaru
  5771 | D:5      | Noticed Edmund
  5794 | D:5      | Killed Edmund
  5794 | D:5      | Reached XP level 8. HP: 62/71 MP: 7/7
  5994 | D:6      | Found a blossoming altar of Fedhas.
  6148 | D:6      | Noticed Grinder
  6213 | D:6      | Paralysed by Grinder for 4 turns
  6217 | D:6      | Killed Grinder
  6217 | D:6      | Reached * piety under Okawaru
  6217 | D:6      | Reached skill level 9 in Axes
  7166 | D:6      | Reached skill level 10 in Axes
  7266 | D:6      | Reached ** piety under Okawaru
  7266 | D:6      | Reached XP level 9. HP: 69/81 MP: 8/8
  7696 | D:7      | Reached skill level 11 in Axes
  7772 | D:7      | Noticed Pikel
  7813 | D:7      | Killed Pikel
  7813 | D:7      | Reached *** piety under Okawaru
  8449 | D:8      | Noticed a two-headed ogre
  8459 | D:8      | Killed a two-headed ogre
  8459 | D:8      | Reached **** piety under Okawaru
  8459 | D:8      | Reached skill level 12 in Axes
  8459 | D:8      | Reached XP level 10. HP: 40/91 MP: 9/9
  8467 | D:8      | Noticed a two-headed ogre
  8782 | D:8      | Killed a two-headed ogre
  8999 | D:8      | You fall through a shaft for 2 floors!
  8999 | D:10     | Entered Level 10 of the Dungeon
  9002 | D:10     | Noticed a two-headed ogre
  9017 | D:10     | Killed a two-headed ogre
  9017 | D:10     | Reached ***** piety under Okawaru
  9216 | D:10     | Reached skill level 13 in Axes
  9347 | D:10     | Reached skill level 10 in Fighting
  9728 | D:9      | Got a fine lapis lazuli ring
  9743 | D:8      | Identified the ring of the Sun {Dex+4 Stlth+} (You found it on level 9 of the Dungeon)
  9770 | D:8      | Received a gift from Okawaru
  9787 | D:8      | Found a bloodstained altar of Trog.
  9787 | D:8      | Found a shattered altar of Ashenzari.
  9848 | D:8      | Reached skill level 10 in Armour
  9910 | D:8      | Paralysed by fainting for 10 turns
 10183 | D:8      | Found a staircase to the Lair.
 10271 | D:8      | Reached skill level 14 in Axes
 10289 | D:8      | Reached XP level 11. HP: 87/101 MP: 10/10
 10763 | D:8      | Noticed a two-headed ogre
 10769 | D:8      | Killed a two-headed ogre
 10769 | D:8      | Reached skill level 1 in Invocations
 11001 | D:5      | Found a sacrificial altar of Ru.
 11001 | D:5      | Noticed Sigmund
 11006 | D:5      | Killed Sigmund
 11035 | D:5      | Noticed Ijyb
 11045 | D:5      | Killed jombi's ghost
 11045 | D:5      | Killed Ijyb
 12312 | Lair:1   | Entered Level 1 of the Lair of Beasts
 12443 | Lair:1   | Reached skill level 15 in Axes
 12485 | Lair:2   | Reached ****** piety under Okawaru
 12487 | Lair:2   | Received a gift from Okawaru
 12745 | Lair:1   | Noticed Fannar
 12761 | Lair:1   | Killed Fannar
 13210 | Lair:1   | Got a shimmering war axe
 13211 | Lair:1   | Identified the +3 war axe "Demonbane" {freeze, *Slow rF+++ rC+ Dex+4} (You found it on level 1 of the Lair of Beasts)
 13713 | Lair:1   | Reached XP level 12. HP: 60/112 MP: 14/14
 14096 | Lair:1   | Received a gift from Okawaru
 14106 | Lair:1   | Slain by a swamp worm

Skill      XL: |  1  2  3  4  5  6  7  8  9 10 11 |
---------------+----------------------------------+-----
Axes           | 3 4 5 7 8 10 12 14 15 | 15.6
Fighting       | 4 5 6 7 9 10 11 | 11.9
Armour         | 4 5 6 7 9 10 11 | 11.7
Invocations    | 4 |  4.3
Shields        | |  3.6

Action                   |  1- 3 |  4- 6 |  7- 9 | 10-12 || total
-------------------------+-------+-------+-------+-------++-------
Melee: War axe           |   114 |   112 |   321 |   114 ||   661
       Headbutt          |    10 |    12 |    71 |    89 ||   182
       Unarmed           |       |       |    11 |       ||    11
       Battleaxe         |       |       |       |   304 ||   304
  Use: Potion            |       |       |     1 |       ||     1
       Scroll            |       |       |       |    11 ||    11
  Eat: Chunk             |     1 |     6 |    17 |    21 ||    45
Armor: Scale mail        |    34 |    49 |   121 |   187 ||   391
Dodge: Dodged            |    27 |    26 |    86 |   135 ||   274
Block: Shield            |    57 |    68 |   147 |    18 ||   290
